 Dungeon Crawl Stone Soup version 0.26-b1-32-g5d43845318 (webtiles) character file.

Game seed: 14150825875178380536

6 MajorAdolf the Grasshopper (level 1, -1/15 HPs)
             Began as a Naga Wanderer on Jan 8, 2021.
             Slain by a frilled lizard (2 damage)
             ... on level 1 of the Dungeon.
             The game lasted 00:00:38 (1007 turns).

MajorAdolf the Grasshopper (Naga Wanderer)          Turns: 1007, Time: 00:00:39

Health: -1/15      AC:  1    Str: 11    XL:     1   Next: 90%
Magic:  3/4        EV:  6    Int: 11    God:
Gold:   23         SH:  7    Dex: 14    Spells: 5/6 levels left

rFire    . . .     SeeInvis +   a - +0 dagger
rCold    . . .     Faith    .   e - +0 kite shield
rNeg     . . .     Spirit   .   d - +0 robe
rPois    +         Reflect  .   (no helmet)
rElec    .         Harm     .   (no cloak)
rCorr    .         Rampage  .   (no gloves)
Will     .....                  (no barding)
Stlth    +.........             (no amulet)
HPRegen  0.05/turn              (no ring)
MPRegen  0.09/turn              (no ring)

@: short of breath, very slightly contaminated, very slow
A: large, see invisible, deformed body, poison resistance, slowness 2, spit
poison 1, AC +0
a: Spit Poison


You were on level 1 of the Dungeon.
You visited 1 branch of the dungeon, and saw 1 of its levels.

You collected 23 gold pieces.

Inventory:

Hand Weapons
 a - a +0 dagger (weapon)
Armour
 d - a +0 robe (worn)
 e - a +0 kite shield (worn)
Jewellery
 c - an uncursed ring of wizardry {unknown}
Scrolls
 b - 3 scrolls of teleportation {unknown}
Potions
 f - a potion of degeneration {unknown}
 g - a potion of curing {unknown}


   Skills:
 + Level 1.6 Shields
 - Level 3.0 Spellcasting
 - Level 4.0 Translocations
 - Level 1.0 Transmutations
 - Level 1.0 Evocations


You had 5 spell levels left.
You knew the following spells:

 Your Spells              Type           Power        Failure   Level
a - Foxfire               Conj/Fire      4%           77%         1

Your spell library contained the following spells:

 Spells                   Type           Power        Failure   Level
 Wereblood                Tmut           3%           77%         2
 Passwall                 Tmut/Erth      1%           83%         2
 Inner Flame              Hex/Fire       1%           98%         3


Dungeon Overview and Level Annotations

Branches:
Dungeon (1/15)

Altars:


Innate Abilities, Weirdness & Mutations

You cannot wear boots.
Your serpentine skin is tough. (AC +0)
You have supernaturally acute eyesight. (SInv)
Armour fits poorly on your strangely shaped body.
Your system is resistant to poisons. (rPois)
You cover ground very slowly.
You can spit poison.


Message History

The splash of poison misses the kobold.
The kobold barely misses you. You block the frilled lizard's attack.
Casting: Foxfire (safe; 77% risk of failure)
Press: ? - help, Q - select action, (/) - cycle Dir - look around, f - activate You miscast Foxfire.
You are very lightly contaminated with residual magic.
Nothing appears to happen.
The kobold hits you but does no damage. The frilled lizard bites you.
* * * LOW HITPOINT WARNING * * *
You closely miss the kobold.
The kobold is heavily wounded.
You have got your breath back.
The kobold barely misses you. The frilled lizard bites you.
* * * LOW HITPOINT WARNING * * *
Unknown command.
Press: ? - help, Shift-Dir - straight line, f - kobold
Aim: a kobold, wielding a +0 whip (heavily wounded)
The splash of poison misses the kobold.
The kobold hits you but does no damage. The frilled lizard bites you.
You die...

###...(.## #.#
......... #.#
...(...... ####.#
....≈≈≈... .)..+
.≈≈≈≈≈≈≈. # #..#
≈≈≈≈≈≈ #.#.###..####
########
##...K......###..#.#
#....l@............
#.##.###.#.#.#.#..#
#.#.#.#.#..#
#.#.#......#
#.#.###..#.#
#.#......#.#
#.#####..#.# #.#
#..#.# ..####..#.#


You could see a kobold and a frilled lizard.

Vanquished Creatures
  2 goblins (D:1)
  A kobold (D:1)
  A frilled lizard (D:1)
  3 rats (D:1)
7 creatures vanquished.

Notes
Turn   | Place    | Note
-------+----------+-------------------------------------------
     0 | D:1      | MajorAdolf the Naga Wanderer began the quest for the Orb.
     0 | D:1      | MajorAdolf set off with the following items: a +0 dagger, a
                  | +0 robe, a +0 kite shield; and the following spell
                  | memorised: Foxfire; and the following spells available to
                  | memorise: Wereblood, Passwall, Inner Flame
     0 | D:1      | Reached XP level 1. HP: 15/15 MP: 4/4
  1007 | D:1      | Slain by a frilled lizard

Illustrated notes

Levels and vault maps discovered:
D:1:      nzn_arrival_depleted_hourglass, layout_loops_ring,
          minmay_misc_feat_pillars

Action                   || total
-------------------------++-------
Melee: Dagger            ||    41
 Abil: Spit Poison       ||     4
Armor: Robe              ||     2
Dodge: Dodged            ||    12
Block: Kite shield       ||     8
